 Dungeon Crawl Stone Soup version 0.30-a0-722-g3e6e8c874d (webtiles) character file.

Game seed: 4007653619510164437

387 Newt the Trooper (level 6, -2/72 HPs)
             Began as a Demonspawn Gladiator on Jan 27, 2023.
             Was an Initiate of Gozag.
             Slain by Pikel
             ... wielding a +2 whip of flaming
              (7 damage)
             ... on level 4 of the Dungeon.
             The game lasted 00:03:56 (2879 turns).

Newt the Trooper (Demonspawn Gladiator)             Turns: 2879, Time: 00:03:56

Health: -2/72      AC: 23    Str: 16    XL:     6   Next: 49%
Magic:  6/6        EV:  2    Int: 10    God:    Gozag
Gold:   351        SH:  5    Dex: 14    Spells: 5/5 levels left

rFire   . . .      SeeInvis +    v - +1 falchion of Resourcefulness {venom, *Noise +Blink rC+++ SInv}
rCold   + + +      Faith    .    l - +0 buckler
rNeg    . . .      Spirit   .    (body armour currently unavailable)
rPois   +          Reflect  .    (helmet currently unavailable)
rElec   .          Harm     .    (cloak currently unavailable)
rCorr   .          Rampage  .    (gloves currently unavailable)
Will    .....      NoTele   +    (boots currently unavailable)
Stlth   ++                       (no amulet)
HPRegen 0.32/turn                (no ring)
MPRegen 0.10/turn                (no ring)

@: tree-form
A: stationary, stasis, torment immunity, boosted hp, (horns 2), (spiny 1),
condensation shield
a: Renounce Religion, Evoke Blink, Potion Petition, Call Merchant, Bribe Branch


You were on level 4 of the Dungeon.
You worshipped Gozag.
Gozag was aware of your devotion.
You were a tree.
You visited 1 branch of the dungeon, and saw 4 of its levels.

You collected 392 gold pieces.
You paid 41 gold pieces to Gozag.

Inventory:

Hand Weapons
 a - a +0 rapier
 n - a +1 dagger of draining
 v - the +1 falchion of Resourcefulness (weapon) {venom, *Noise +Blink rC+++ SInv}
   (You found it on level 3 of the Dungeon)

   rC:        It renders you almost immune to cold.
   SInv:      It lets you see invisible.
   +Blink:    It lets you blink.
   *Noise:    It may make noises in combat.
Missiles
 e - a javelin (quivered)
Armour
 b - a +0 leather armour
 c - a +0 helmet
 l - a +0 buckler (worn)
 x - the +1 scale mail of Generosity (melded) {Dex+3}
   (You found it on level 3 of the Dungeon)

   Dex:       It affects your dexterity (+3).
Jewellery
 q - an amulet of reflection
Wands
 r - a wand of charming (10)
 u - a wand of flame (25)
Scrolls
 f - a scroll of amnesia
 i - a scroll of summoning
 m - a scroll of teleportation
 o - a scroll of noise
Potions
 d - a potion of brilliance {unknown}
 k - a potion of lignification
 p - a potion of mutation {unknown}
 s - a potion of resistance {unknown}
 t - a potion of haste {unknown}
 w - a potion of magic {unknown}


   Skills:
 - Level 4.0 Fighting
 + Level 3.5 Short Blades
 - Level 1.7 Throwing
 - Level 2.6 Dodging
 - Level 2.0 Stealth
 - Level 4.0 Shields


You had 5 spell levels left.
You didn't know any spells.
Your spell library contained the following spells:

 Spells                   Type           Power      Damage    Failure   Level
 Freezing Cloud           Conj/Ice/Air   0%         6-21      100%        5
 Polar Vortex             Ice            0%         N/A       100%        9
 Simulacrum               Ice/Necr       Unusable   N/A       N/A         6

Dungeon Overview and Level Annotations

Branches:
Dungeon (4/15)
 Temple: D:4-7

Altars:
Gozag
Trog
Vehumet

Annotations:
D:4 Pikel


Innate Abilities, Weirdness & Mutations

You are a tree.
Your roots penetrate the ground, keeping you stationary.
You cannot be teleported.
You are immune to unholy pain and torment.
Your maximum health is greatly increased.
Your equipment is partially melded.
((You have a pair of horns on your head.))
((You are partially covered in sharp spines.))
A meltable shield of frost defends you. (SH +0)


Message History

Press: ? - help, Shift-Dir - straight line, f/p - Pikel
Aim: Pikel, wielding a +2 whip of flaming and wearing a +0 robe (severely wounded, very poisoned, 55% to hit)
You throw a throwing net. The throwing net barely misses Pikel.
The throwing net hits the lemure.
The orc shouts!
Pikel hits you with a +2 whip of flaming.
* * * LOW HITPOINT WARNING * * *
Pikel burns you.
* * * LOW HITPOINT WARNING * * *
The lemure struggles against the net.
You hit Pikel.
Pikel looks even sicker.
Pikel is severely wounded.
Pikel hits you but does no damage.
The lemure struggles against the net.
You block Pikel's attack.
The lemure struggles against the net.
You feel better.
The lemure struggles against the net.
The net rips apart, and the lemure comes free!
Pikel hits you with a +2 whip of flaming.
* * * LOW HITPOINT WARNING * * *
Pikel burns you.
* * * LOW HITPOINT WARNING * * *
Unknown command.
It was a potion of lignification.
You turn into a tree.
The +1 scale mail of Generosity {Dex+3} melds into your body.
Your roots penetrate the ground.
Pikel hits you but does no damage.
You barely miss Pikel.
Pikel is severely wounded.
Pikel barely misses you.
You closely miss Pikel.
Pikel is severely wounded.
You block the orc's attack. Pikel hits you but does no damage.
You completely miss Pikel.
Pikel is severely wounded.
The orc hits you but does no damage. Pikel hits you but does no damage.
You miss Pikel.
Pikel is severely wounded.
The orc hits you with a +0 flail.
* * * LOW HITPOINT WARNING * * *
Pikel hits you with a +2 whip of flaming!
You die...
Your body crumbles into a pile of gold.

#.#.. ....#
##.########.#.#
#.............#
###########.###
#.# #.# #.# #o#
#♣# #K# #5# #5.
###


You could see Pikel (poisoned), 2 lemures and an orc.

Vanquished Creatures
  Grinder (D:3)
  A lemure (D:4)
  A necrophage (D:3)
  Jessica (D:3)
  An adder (D:2)
  A worm (D:2)
  5 dart slugs
  5 orcs (D:3)
  5 ball pythons
  4 endoplasms
  2 giant cockroaches
  8 hobgoblins
  4 jackals (D:3)
  4 quokkas
  8 bats
  A frilled lizard (D:3)
  5 goblins
  5 kobolds
  6 rats
68 creatures vanquished.

Notes
Turn   | Place    | Note
-------+----------+-------------------------------------------
     0 | D:1      | Newt the Demonspawn Gladiator began the quest for the Orb.
     0 | D:1      | Reached XP level 1. HP: 16/16 MP: 1/1
   101 | D:1      | Reached skill level 1 in Stealth
   198 | D:1      | Gained mutation: You have a pair of small horns on your
                  | head. [demonic ancestry]
   198 | D:1      | Reached XP level 2. HP: 22/22 MP: 2/2
   832 | D:2      | Gained mutation: You are partially covered in sharp spines.
                  | [demonic ancestry]
   832 | D:2      | Reached XP level 3. HP: 23/28 MP: 3/3
  1124 | D:2      | Found a bloodstained altar of Trog.
  1216 | D:2      | Found an opulent altar of Gozag.
  1238 | D:2      | Became a worshipper of Gozag Ym Sagoz the Greedy
  1363 | D:2      | Found a faded altar of an unknown god.
  1622 | D:3      | Noticed Grinder
  1622 | D:3      | Noticed a necrophage
  1872 | D:3      | Paralysed by Grinder for 2 turns
  1878 | D:3      | Paralysed by Grinder for 3 turns
  1888 | D:3      | Paralysed by Grinder for 2 turns
  1889 | D:3      | Killed Grinder
  1890 | D:3      | Gained mutation: You have a pair of horns on your head.
                  | [demonic ancestry]
  1890 | D:3      | Reached XP level 4. HP: 12/37 MP: 4/4
  1890 | D:3      | Gained mutation: A meltable shield of frost defends you.
                  | (SH +0) [demonic ancestry]
  1890 | D:3      | Reached XP level 5. HP: 14/42 MP: 5/5
  1890 | D:3      | Reached XP level 6. HP: 16/48 MP: 6/6
  2183 | D:3      | Found a radiant altar of Vehumet.
  2183 | D:3      | Found a bloodstained altar of Trog.
  2467 | D:3      | Noticed Jessica
  2473 | D:3      | Killed Jessica
  2530 | D:3      | Identified the +1 falchion of Resourcefulness {venom,
                  | *Noise +Blink rC+++ SInv}
  2627 | D:3      | Identified the +1 scale mail of Generosity {Dex+3}
  2860 | D:4      | Noticed Pikel
  2872 | D:4      | HP: 2/48 [Pikel/+2 whip of flaming (2)]
  2879 | D:4      | Slain by Pikel

Illustrated notes

Levels and vault maps discovered:
D:1:      lemuel_arrival_tunnels, layout_basic
D:2:      minmay_razor_zed, layout_loops_cross,
          shapermc_ecumenical_altar_mp_highgroup, basic_altar,
          minmay_hexomino_r4
D:3:      layout_rooms, gammafunk_temple_overflow_pools, serial_aquarium,
          aquarium_bridge_square [aquarium_subvault_bridge,
          aquarium_subvault_bridge, aquarium_subvault_wall,
          aquarium_subvault_window], aquarium_bridge_square
          [aquarium_subvault_bridge, aquarium_subvault_wall,
          aquarium_subvault_bridge, aquarium_subvault_bridge],
          aquarium_window_corridor_1, aquarium_window_fake,
          aquarium_window_fake, aquarium_view_2c, aquarium_view_2c,
          aquarium_balcony_1b, uniq_grinder, uniq_jessica
D:4:      layout_basic, grunt_decor_clamped, uniq_pikel, uniq_natasha

Skill      XL: |  1  2  3  4  5  6 |
---------------+-------------------+-----
Stealth        | 1 2 |  2.0
Fighting       | 4 |  4.0
Shields        | 3 4 |  4.0
Short Blades   | 3 |  3.5
Throwing       | |  1.7
Dodging        | |  2.6

Action                     |  1- 3 |  4- 6 || total
---------------------------+-------+-------++-------
  Melee: Rapier            |    68 |       ||    68
         Headbutt          |    14 |    10 ||    24
         Dagger            |    54 |    31 ||    85
         Falchion          |       |    27 ||    27
  Throw: Throwing net      |     5 |     2 ||     7
         Javelin           |     2 |       ||     2
    Use: Scroll            |     7 |     1 ||     8
         Potion            |     1 |     2 ||     3
   Stab: Sleeping          |     4 |     2 ||     6
 Armour: Leather armour    |    24 |     6 ||    30
         Skin              |       |     4 ||     4
         Scale mail        |       |     3 ||     3
  Dodge: Dodged            |    52 |    11 ||    63
  Block: Buckler           |    12 |    19 ||    31

Table legend: (Time is in decaauts)
 A = Elapsed time spent in this place.
 B = Non-inter-level travel time spent in this place.
 C = Inter-level travel time spent in this place.
 D = Time resting spent in this place.
 E = Time spent auto-exploring this place.
 F = Levels seen in this place.
 G = Mean time per level.
                   A        B        C        D        E       F      G
               +--------+--------+--------+--------+--------+-----+--------+
         Total |   2886 |   2732 |    154 |    185 |   2073 |   4 |  721.5 |
       Dungeon |   2886 |   2732 |    154 |    185 |   2073 |   4 |  721.5 |
               +--------+--------+--------+--------+--------+-----+--------+

Top non-repeatable levels by time:
     D:2: 1096 daAuts
     D:3: 1008 daAuts
     D:1: 728 daAuts
     D:4: 52 daAuts
